 Dungeon Crawl Stone Soup version 0.20.0-8-g6b59dc7 (webtiles) character file.

74 greprep the Covered (level 4, -5/40 HPs)
             Began as a Minotaur Fighter on May 30, 2017.
             Killed from afar by Natasha (12 damage)
             ... with a magic dart
             ... on level 2 of the Dungeon.
             The game lasted 00:02:40 (1201 turns).

greprep the Covered (Minotaur Fighter)              Turns: 1201, Time: 00:02:40

Health: -5/40      AC:  9    Str: 21    XL:     4   Next: 9%
Magic:  3/3        EV:  8    Int:  5    God:
Gold:   65         SH:  9    Dex: 10    Spells: 3/3 levels left

rFire    . . .     SeeInvis .   a - +0 long sword
rCold    . . .     Gourm    .   c - +0 shield
rNeg     . . .     Faith    .   b - +0 scale mail
rPois    .         Spirit   .   (helmet restricted)
rElec    .         Reflect  .   (no cloak)
rCorr    .         Harm     +   (no gloves)
MR       .....                  s - +1 pair of boots
Stlth    ..........             j - amulet of harm
Regen    0.2/turn               q - ring of loudness (curse)
MPRegen  0.1/turn               (no ring)

@: slowed, very slow
A: retaliatory headbutt, horns 2
a: no special abilities


You were on level 2 of the Dungeon.
You were not hungry.

You visited 1 branch of the dungeon, and saw 2 of its levels.

You collected 65 gold pieces.

Inventory:

Hand Weapons
 a - a +0 long sword (weapon)
Armour
 b - a +0 scale mail (worn)
 c - a +0 shield (worn)
 s - a +1 pair of boots (worn)
Jewellery
 j - an amulet of harm (around neck)
 q - a cursed ring of loudness (left hand)
Scrolls
 e - a scroll of identify {unknown}
 g - a scroll of enchant armour {unknown}
 i - a scroll of blinking {unknown}
 l - a scroll of recharging {unknown}
 m - a scroll of teleportation {unknown}
 n - a scroll of immolation {unknown}
 r - 2 scrolls of enchant weapon {unknown}
Potions
 d - a potion of might
 h - a potion of magic {unknown}
 k - a potion of flight {unknown}
 o - 2 potions of lignification {unknown}
 p - a potion of degeneration {unknown}
 t - 2 potions of resistance {unknown}
Comestibles
 f - 2 bread rations


   Skills:
 + Level 3.9 Fighting
 + Level 3.0 Long Blades
 * Level 4.5 Armour
 * Level 1.5 Dodging
 * Level 4.2 Shields


You had 3 spell levels left.
You didn't know any spells.

Dungeon Overview and Level Annotations

Branches:
Dungeon (2/15)

Altars:
Nemelex Xobeh

Annotations:
D:2 Natasha


Innate Abilities, Weirdness & Mutations

You reflexively headbutt those who attack you in melee.
You have a pair of horns on your head.


Message History

The magic dart hits you!
* * * LOW HITPOINT WARNING * * *
The kobold closely misses you. You furiously retaliate!
You headbutt the kobold!
You kill the kobold!
Natasha claws you.
* * * LOW HITPOINT WARNING * * *
The goblin hits you but does no damage.
Natasha stares at you and mumbles some strange words.
The magic dart hits you!
* * * LOW HITPOINT WARNING * * *
The goblin hits you but does no damage.
Natasha stares at you and mumbles some strange words.
You feel as though you will be slow longer.
You block the goblin's attack. You block Natasha's attack.
You block the goblin's attack.
Natasha stares at you and mumbles some strange words.
The magic dart hits you!
You die...

............... . ......)........
.. #. #........ ## #. #........#
# #... ###..###....## #..
###....# #.># ..# #.###....###
#.†# #.# ##.#.g..### #... #.#
##...@h### ##.. #.# #....###
####. #.###....# #.... #.....#.##
###.### ##. ##.....#.# #...# #
#.. ##...#.<..# ##.##### ..#
#..#.#....###########..####. ..#
#.##.#...................[..
..####.#..........#######......##


You could see Natasha and a goblin.

Vanquished Creatures
  Natasha (D:2)
  An adder (D:2)
  A dart slug (D:1)
  A leopard gecko (D:1)
  2 giant cockroaches (D:1)
  5 goblins
  5 hobgoblins
  2 jackals (D:2)
  4 kobolds
  A quokka (D:2)
  3 bats
  4 frilled lizards
  5 rats (D:1)
35 creatures vanquished.

Notes
Turn   | Place    | Note
-------+----------+-------------------------------------------
     0 | D:1      | greprep the Minotaur Fighter began the quest for the Orb.
     0 | D:1      | Reached XP level 1. HP: 19/19 MP: 0/0
   203 | D:1      | Reached XP level 2. HP: 26/27 MP: 1/1
   619 | D:2      | Reached skill level 1 in Dodging
   619 | D:2      | Reached XP level 3. HP: 19/33 MP: 2/2
   942 | D:2      | Found a sparkling altar of Nemelex Xobeh.
   943 | D:2      | Noticed Natasha
   951 | D:2      | Killed Natasha
  1141 | D:2      | Reached XP level 4. HP: 40/40 MP: 3/3
  1182 | D:2      | Noticed Natasha
  1201 | D:2      | Killed from afar by Natasha

Skill      XL: |  1  2  3 |
---------------+----------+-----
Armour         | 4 |  4.5
Dodging        | 1 |  1.5
Shields        | 4 |  4.2
Long Blades    | 3 |  3.0
Fighting       | |  3.9

Action                   |  1- 3 |  4- 6 || total
-------------------------+-------+-------++-------
Melee: Long sword        |    73 |    15 ||    88
       Headbutt          |    10 |     1 ||    11
  Use: Potion            |     1 |       ||     1
  Eat: Royal jelly       |     1 |       ||     1
Armor: Scale mail        |    33 |    13 ||    46
Dodge: Dodged            |    17 |     6 ||    23
Block: Shield            |    40 |    17 ||    57
       Rpst.: Long sword |     4 |       ||     4
